 Dungeon Crawl Stone Soup version 0.31-a0-1008-g5b978dac0e (webtiles) character file.

Game seed: 6791891072149549027

5 Azuregosa the Sneak (level 1, 0/15 (16) HPs)
             Began as an Octopode Delver on Nov 12, 2023.
             Slain by a goblin
             ... wielding a +2 dagger of draining
             ... led by Robin
              (1 damage)
             ... on level 4 of the Dungeon.
             The game lasted 00:00:32 (28 turns).

Azuregosa the Sneak (Octopode Delver)                 Turns: 28, Time: 00:00:33

HP:   0/15 (16)     AC:  1    Str: 11    XL:     1   Next: 80%
MP:   1/1           EV: 13    Int: 12    God:
Gold: 0             SH:  0    Dex: 13    Spells: 0/0 levels left

rFire   . . .        a - +0 mace
rCold   . . .        (no shield)
rNeg    . . .        (helmet restricted)
rPois   .            (no amulet)
rElec   .            (no ring)
rCorr   .            (no ring)
SInv    .            (no ring)
Will    .....        (no ring)
Stlth   ++++         (no ring)
HPRegen 0.22/turn    (no ring)
MPRegen 0.07/turn    (no ring)
                     (no ring)

%: no passive effects
@: drained
A: almost no armour, amphibious, 8 rings, camouflage 1, gelatinous body 1,
(nimble swimmer 1), tentacles
a: no special abilities


You were on level 4 of the Dungeon.
You visited 1 branch of the dungeon, and saw 2 of its levels.

Inventory:

Hand Weapons
 a - a +0 mace (weapon)
Wands
 f - a wand of digging (3)
Scrolls
 b - a scroll of fog
 d - a scroll of fear
Potions
 e - a potion of haste


   Skills:
 - Level 3.0 Fighting
 - Level 2.0 Maces & Flails
 - Level 2.0 Dodging
 + Level 7.0 Stealth


You couldn't memorise any spells.
You didn't know any spells.
Your spell library was empty.

Dungeon Overview and Level Annotations

Branches:
Dungeon (5/15)
 Temple: D:4-7

Altars:

Annotations:
D:4 Robin


Innate Abilities, Weirdness & Mutations

You cannot wear most types of armour.
You are amphibious.
You can wear up to eight rings at the same time.
Your skin changes colour to match your surroundings (Stealth+).
Your rubbery body absorbs attacks. (AC +1, EV +1)
((You are camouflaged when in or above water. (Stealth+)))
You have tentacles for arms and can constrict up to eight enemies at once.


Message History

A goblin comes into view. It is wielding a +0 club. x2
Robin roars a battlecry!
The goblins go into a battle-frenzy!
You hit the goblin. Your grab misses the goblin.
Your squeeze misses the goblin.
The goblin is severely wounded.
The goblin hits you with a +0 dagger.
A hobgoblin comes into view.
You barely miss the goblin. You grab the goblin. You squeeze the goblin.
You kill the goblin!
You closely miss the hobgoblin. You grab the hobgoblin.
You constrict the hobgoblin. The hobgoblin barely misses you.
A goblin comes into view. It is wielding a +0 club.
The hobgoblin hits you but does no damage.
You hit the hobgoblin but do no damage. You constrict the hobgoblin.
Robin throws the goblin at you! The hobgoblin hits you!
The goblin barely misses you. Robin throws the goblin at you!
You sock the goblin!
You kill the goblin!
You constrict the hobgoblin. The goblin closely misses you.
The hobgoblin closely misses you. Robin throws the goblin at you!
The goblin barely misses you.
You closely miss the goblin. Your grab misses the goblin.
You squeeze the goblin.
You kill the goblin!
You constrict the hobgoblin. The goblin hits you with a +0 club.
* * * LOW HITPOINT WARNING * * *
The hobgoblin closely misses you.
You closely miss the goblin. Your grab misses the goblin.
You constrict the hobgoblin.
You kill the hobgoblin!
The goblin completely misses you. The goblin misses you.
The goblin closely misses you.
Your Stealth skill increases to level 7!
You closely miss the goblin. You grab the goblin. You squeeze the goblin.
You kill the goblin!
The goblin hits you with a +2 dagger of draining.
* * * LOW HITPOINT WARNING * * *
You feel drained.
You die...

## #.
#. #.
#.##
#))#
#@# #g#
#gg#
##gg.
.g...
....ggg
.......
###....
.#..


You could see Robin, a hobgoblin (strong) and 4 goblins.

Vanquished Creatures
  4 goblins (D:4)
  A hobgoblin (D:4)
5 creatures vanquished.

Notes
Turn   | Place    | Note
-------+----------+-------------------------------------------
     0 | D:5      | Azuregosa the Octopode Delver began the quest for the Orb.
     0 | D:5      | Reached XP level 1. HP: 16/16 MP: 1/1
    19 | D:4      | Noticed Robin
    28 | D:4      | Reached skill level 7 in Stealth
    28 | D:4      | Slain by a goblin

Illustrated notes

Levels and vault maps discovered:
D:4:      layout_rooms, minmay_temple_entry_wispy, portal_sewer_entry_b,
          uniq_robin
D:5:      kennysheep_steamy, layout_basic

Skill      XL: |  1 |
---------------+----+-----
Stealth        | 7 |  7.0
Fighting       | |  3.0
Maces & Flails | |  2.0
Dodging        | |  2.0

Action                     || total
---------------------------++-------
  Melee: Mace              ||     8
         Constrict         ||     3
         Tentacles         ||     3
    Use: Scroll            ||     1
 Armour: Skin              ||     7
  Dodge: Dodged            ||     9

Table legend: (Time is in decaauts)
 A = Elapsed time spent in this place.
 B = Non-inter-level travel time spent in this place.
 C = Inter-level travel time spent in this place.
 D = Time resting spent in this place.
 E = Time spent auto-exploring this place.
 F = Levels seen in this place.
 G = Mean time per level.
                   A        B        C        D        E       F      G
               +--------+--------+--------+--------+--------+-----+--------+
         Total |     29 |     29 |      0 |      0 |      0 |   2 |   14.5 |
       Dungeon |     29 |     29 |      0 |      0 |      0 |   2 |   14.5 |
               +--------+--------+--------+--------+--------+-----+--------+

Top non-repeatable levels by time:
     D:5: 19 daAuts
     D:4: 10 daAuts
